 Dungeon Sprint DCSS version 0.24.0-1-gfbc8707 (webtiles) character file.

Game seed: 15013167432617668910, levelgen mode: deterministic

32725 Fang the Warrior (level 13, -4/150 HPs)
             Began as a Gargoyle Berserker on Nov 6, 2019.
             Was the Champion of Trog.
             Killed by the air
             ... invoked by a wind drake
              (21 damage)
             ... in the Dungeon (Sprint V: "Ziggurat Sprint").
             The game lasted 00:05:23 (1850 turns).

Fang the Warrior (Gargoyle Berserker)               Turns: 1850, Time: 00:05:24

Health: -4/150     AC: 44    Str: 27    XL:     13   Next: 66%
Magic:  22/22      EV:  7    Int:  6    God:    Trog [******]
Gold:   0          SH: 36    Dex:  9    Spells: 12/12 levels left

rFire    + + +     SeeInvis .   B - +5 broad axe (venom)
rCold    . . .     Gourm    .   E - +18 shield of the Gong {rElec rN+ MR+ EV-5}
rNeg     + + +     Faith    .   b - +15 Maxwell's patent armour {-Cast -Tele rElec MR+ rCorr}
rPois    ∞         Spirit   .   (no helmet)
rElec    +         Reflect  +   z - +2 cloak {+Inv}
rCorr    +         Harm     .   (no gloves)
MR       ++...     NoTele   +   (no boots) Stlth ..........NoCast +
                                G - +3 amulet of reflection
HPRegen  0.35/turn              H - ring "Umeyc" {rF+++ rN++ MP+9 Str-4}
MPRegen  0.18/turn              o - ring "Uzicvyg" {rPois rF+ Int-2 Slay+3}

@: berserking, very quick
A: negative energy resistance 1, electricity resistance, unbreathing,
petrification resistance, rot immunity, AC +9
a: Berserk, Trog's Hand, Brothers in Arms, Renounce Religion, Evoke Invisibility


You were in the Dungeon.
You worshipped Trog.
Trog was exalted by your worship.
You were hungry.

You visited 1 branch

Inventory:

Hand Weapons
 a - a +5 broad axe
 x - the +9 war axe "Yffam" {flame, rElec rN++}
   (You found it in the Dungeon)

   It has been specially enchanted to burn those struck by it, causing extra
   injury to most foes and up to half again as much damage against particularly
   susceptible opponents.
   Big, fiery blades are also staple armaments of hydra-hunters.
   It insulates you from electricity.
   It greatly protects you from negative energy.
 B - a +5 broad axe of venom (weapon)
 I - a +4 antimagic broad axe
 P - a +3 broad axe of chopping
 Q - a +2 broad axe of freezing
Armour
 b - the +15 Maxwell's patent armour (worn) {-Cast -Tele rElec MR+ rCorr}
   (You found it in the Dungeon)

   It insulates you from electricity.
   It affects your resistance to hostile enchantments.
   It prevents spellcasting.
   It prevents most forms of teleportation.
   It provides partial protection from all sources of acid and corrosion.
 z - a +2 cloak of invisibility (worn)
 E - the +18 shield of the Gong (worn) {rElec rN+ MR+ EV-5}
   (You found it in the Dungeon)

   It affects your evasion (-5).
   It insulates you from electricity.
   It protects you from negative energy.
   It affects your resistance to hostile enchantments.
Jewellery
 o - the ring "Uzicvyg" (right hand) {rPois rF+ Int-2 Slay+3}
   (You found it in the Dungeon)

   [ring of poison resistance]

   It affects your intelligence (-2).
   It affects your accuracy and damage with ranged weapons and melee attacks
   (+3).
   It protects you from fire.
   It protects you from poison.
 A - the ring "Peilauke" {MP+9 Str+2 Int+3 Dex+3}
   (You found it in the Dungeon)

   [ring of magical power]

   It affects your strength (+2).
   It affects your intelligence (+3).
   It affects your dexterity (+3).
   It affects your magic capacity (+9).
 F - an uncursed amulet of the gourmand
 G - a +3 amulet of reflection (around neck)
 H - the ring "Umeyc" (left hand) {rF+++ rN++ MP+9 Str-4}
   (You found it in the Dungeon)

   [ring of magical power]

   It affects your strength (-4).
   It renders you almost immune to fire.
   It greatly protects you from negative energy.
   It affects your magic capacity (+9).
 L - an uncursed ring of resist corrosion
 M - an uncursed ring of protection from cold
 O - the ring "Loafamy" {rN+ Stlth+}
   (You took it off a deep elf mage in the Dungeon)

   [ring of stealth]

   It protects you from negative energy.
   It makes you more stealthy.
Wands
 u - a wand of disintegration (7)
 v - a wand of iceblast (7)
 w - a wand of acid (7)
Scrolls
 i - 4 scrolls of blinking
 j - 9 scrolls of fog
 k - a scroll of holy word
 l - 5 scrolls of identify
 m - 5 scrolls of remove curse
 n - 2 scrolls of fear
 y - 4 scrolls of enchant armour
 S - a scroll of acquirement
Potions
 d - 10 potions of curing
 e - 14 potions of heal wounds
 f - 6 potions of haste
 h - 3 potions of berserk rage
 p - 2 potions of invisibility
 q - 4 potions of resistance
 r - a potion of experience
 s - 6 potions of agility
 t - 5 potions of might
Comestibles
 c - 5 rations


   Skills:
 * Level 19.0 Fighting
 * Level 16.4 Axes
 + Level 13.9 Armour
 + Level 11.1 Dodging
 * Level 18.8 Shields


You had 12 spell levels left.
You didn't know any spells.
Your spell library was empty.

Dungeon Overview and Level Annotations

Branches:
Dungeon (1/1)

Altars:
Ashenzari
Cheibriados
Dithmenos
Elyvilon
Fedhas
Gozag
Hepliaklqana
Kikubaaqudgha
Makhleb
Nemelex Xobeh
Okawaru
Qazlal
Ru
Sif Muna
Trog
Uskayaw
Vehumet
Wu Jian
Xom
Yredelemnul
Zin
The Shining One
Beogh
Jiyva
Lugonu

Annotations:
D 1 transporter


Innate Abilities, Weirdness & Mutations

You are resistant to torment.
Your stone body is resilient. (AC +9)
You are immune to poison.
You resist negative energy. (rN+)
You are resistant to electric shocks. (rElec)
You can survive without breathing.
You are immune to petrification.
You are immune to rotting.


Message History

You destroy the air elemental!
Trog accepts your kill.
You miss the air elemental. You slice the storm dragon!!
You kill the storm dragon!
Trog accepts your kill.
Your Fighting skill increases to level 19!
You block the air elemental's attack.
GONNNNG!
You are too injured to fight recklessly!
You slice the storm dragon!!
The storm dragon looks as sick as possible!
The storm dragon is severely wounded.
You slice the air elemental!!
You destroy the air elemental!
Trog accepts your kill.
You hit the storm dragon.
The storm dragon looks as sick as possible!
The wind drake flaps its wings at you. The air twists around and strikes you!!
You die...

▓▓▓▓▓▓▓▓▓▓▓▓▓▓▓▓▓▓▓▓▓▓
....8©8.....▓....8©8....▓
▓..)).|[:}[...▓..:)):}.:..▓
▓...}[}:)|)...▓..):.[.}|..▓
▓.......§§§.§.▓.....=.....▓
▓....§......§.▓...........▓
▓......C..§...▓)...)))....▓
▓....§§.§D....▓......)....▓
▓........D@§§§▓..▓..)..▓..▓
▓......k§†.§.§▓.▓▓▓...▓▓▓.▓
▓..▓..§†k..▓§§▓..▓.....▓..▓
▓....§.§§§§§..▓.....©.....▓
▓......§...§§.▓▓▓▓▓▓▓▓▓▓▓▓▓
▓......©......▓....8©8....▓
▓▓▓▓▓▓▓▓▓▓▓▓▓▓▓..).[.}:}..▓
▓.).)[)[}[..▓ ▓...........▓


You could see a titan, 2 storm dragons and 2 wind drakes.

Vanquished Creatures
  3 acid blobs (D)
  A storm dragon (D)
  2 deep elf sorcerers (D)
  A reaper (D)
  A deep elf annihilator (D)
  3 death oozes (D)
  A great orb of eyes (D)
  A hydra (D)
  4 dancing weapons (D)
  A hell knight (D)
  6 deep elf magi (D)
  An orc sorcerer (D)
  5 toenail golems (D)
  2 elephants (D)
  An eye of devastation (D)
  2 hellions (D)
  2 rime drakes (D)
  A komodo dragon (D)
  2 tormentors (D)
  3 jumping spiders (D)
  A polar bear (shapeshifter) (D)
  2 red devils (D)
  A raiju (D)
  7 slime creatures (D)
  4 air elementals (D)
  A redback (D)
  A fire elemental (D)
  3 basilisks (D)
  A wraith (D)
  4 tarantellas (D)
  A basilisk (shapeshifter) (D)
  A steam dragon (D)
  2 nagas (D)
  5 water moccasins (D)
  3 porcupines (D)
  A swamp drake (D)
  An eye of draining (D)
  A wolf (D)
  A large abomination (D)
  A crocodile (D)
  3 bullfrogs (D)
  A scorpion (D)
  2 wights (D)
  2 crimson imps (D)
  A quasit (D)
  4 jellies (D)
  An iron imp (D)
  A river rat (D)
  A shadow imp (D)
  An ooze (D)
  3 adder zombies (D)
  2 bat skeletons (D)
  2 ball pythons (D)
  A giant cockroach zombie (D)
  A leopard gecko skeleton (D)
111 creatures vanquished.

Vanquished Creatures (collateral kills)
  A pandemonium lord (D)
  An eldritch tentacle (D)
  A hellwing (D)
  A crimson imp (D)
  2 shadow imps (D)
6 creatures vanquished.

Vanquished Creatures (others)
  2 spriggan air magi (D)
  2 wind drakes (D)
  An insubstantial wisp (D)
  A bat skeleton (D)
6 creatures vanquished.

Grand Total: 123 creatures vanquished

Notes
Turn   | Place    | Note
-------+----------+-------------------------------------------
     0 | D        | Fang the Gargoyle Berserker began the quest for the Orb.
     0 | D        | Reached XP level 1. HP: 14/14 MP: 1/1
     0 | D        | Found a blossoming altar of Fedhas.
     1 | D        | Found the +6 Majin-Bo {vamp, Archmagi MP+6 Int+6}
     1 | D        | Found the +7 great mace "Firestarter" {inner flame, rF++}
     1 | D        | Found a transporter.
     1 | D        | Found a viscous altar of Jiyva.
     1 | D        | Found an ancient bone altar of Kikubaaqudgha.
     1 | D        | Found a hazy altar of Hepliaklqana.
     1 | D        | Found a corrupted altar of Lugonu.
     1 | D        | Found an opulent altar of Gozag.
     1 | D        | Found a burning altar of Makhleb.
    18 | D        | Found an iron altar of Okawaru.
    18 | D        | Found a stormy altar of Qazlal.
    18 | D        | Found a sparkling altar of Nemelex Xobeh.
    18 | D        | Found a sacrificial altar of Ru.
    18 | D        | Found a shimmering blue altar of Sif Muna.
    24 | D        | Found the +9 heavy crossbow "Sniper" {velocity, Acc+∞ SInv}
    24 | D        | Found the +10 dark maul {crush}
    24 | D        | Found the +15 Maxwell's patent armour {-Cast -Tele rElec
                  | MR+ rCorr}
    24 | D        | Found the +18 shield of the Gong {rElec rN+ MR+ EV-5}
    24 | D        | Found the cursed +14 obsidian axe {chop, +Fly SInv *Curse}
    30 | D        | Found a bloodstained altar of Trog.
    79 | D        | Entered arena 2.
    79 | D        | Found a transporter.
    83 | D        | Reached skill level 1 in Shields
    85 | D        | Reached XP level 2. HP: 20/20 MP: 2/2
    93 | D        | Entered arena 3.
    93 | D        | Noticed a wight
    93 | D        | Found a transporter.
    96 | D        | Reached ** piety under Trog
    99 | D        | Reached skill level 4 in Fighting
   100 | D        | Killed a wight
   100 | D        | Reached skill level 5 in Fighting
   100 | D        | Reached XP level 3. HP: 26/26 MP: 3/3
   106 | D        | Entered arena 4.
   106 | D        | Noticed a rime drake
   106 | D        | Noticed a rime drake
   106 | D        | Noticed a steam dragon
   106 | D        | Noticed a swamp drake
   106 | D        | Found a transporter.
   111 | D        | Killed a rime drake
   111 | D        | Reached skill level 7 in Fighting
   111 | D        | Reached skill level 5 in Axes
   111 | D        | Reached XP level 4. HP: 29/34 MP: 4/4
   111 | D        | Reached XP level 5. HP: 32/38 MP: 5/5
   112 | D        | Killed a steam dragon
   112 | D        | Reached *** piety under Trog
   112 | D        | Reached skill level 8 in Fighting
   112 | D        | Reached skill level 5 in Armour
   112 | D        | Reached XP level 6. HP: 26/44 MP: 6/6
   114 | D        | Killed a rime drake
   114 | D        | Reached skill level 9 in Fighting
   114 | D        | Reached XP level 7. HP: 30/51 MP: 7/7
   122 | D        | Got the ring "Uzicvyg" {rPois rF+ Int-2 Slay+3}
   390 | D        | Entered arena 5.
   390 | D        | Noticed a deep elf mage
   390 | D        | Noticed a deep elf mage
   390 | D        | Noticed a +0 vampiric halberd
   390 | D        | Noticed a +1 glaive of freezing
   390 | D        | Found a transporter.
   396 | D        | Killed a deep elf mage
   396 | D        | Reached **** piety under Trog
   396 | D        | Reached skill level 10 in Fighting
   396 | D        | Reached skill level 5 in Dodging
   396 | D        | Reached XP level 8. HP: 45/57 MP: 8/8
   397 | D        | Killed a +0 vampiric halberd
   397 | D        | Reached skill level 11 in Fighting
   397 | D        | Reached skill level 10 in Shields
   397 | D        | Reached XP level 9. HP: 37/64 MP: 9/9
   399 | D        | Killed a deep elf mage
   400 | D        | Killed a +1 glaive of freezing
   400 | D        | Reached ***** piety under Trog
   400 | D        | Reached skill level 12 in Fighting
   400 | D        | Reached skill level 10 in Axes
   610 | D        | Entered arena 6.
   610 | D        | Noticed a toenail golem
   610 | D        | Noticed a toenail golem
   610 | D        | Noticed a toenail golem
   610 | D        | Noticed a toenail golem
   610 | D        | Noticed a toenail golem
   610 | D        | Found a transporter.
   617 | D        | Killed a toenail golem
   618 | D        | Killed a toenail golem
   618 | D        | Received a gift from Trog
   618 | D        | Reached XP level 10. HP: 72/72 MP: 10/10
   620 | D        | Killed a toenail golem
   623 | D        | Killed a toenail golem
   623 | D        | Reached skill level 13 in Fighting
   623 | D        | Killed a toenail golem
   653 | D        | Entered arena 7.
   654 | D        | Found a transporter.
   664 | D        | Received a gift from Trog
   679 | D        | Entered arena 8.
   679 | D        | Noticed Mopneh the pandemonium lord
   680 | D        | Identified the +6 morningstar of Compound Interest {crush,
                  | rC+ Str+3}
   687 | D        | Found a transporter.
   692 | D        | Killed Mopneh the pandemonium lord
   692 | D        | Reached skill level 14 in Fighting
   692 | D        | Reached skill level 10 in Armour
   692 | D        | Reached XP level 11. HP: 75/80 MP: 11/11
   817 | D        | Entered arena 9.
   818 | D        | Identified the +6 hunting sling of Ufij {flame, Str+3 Int-4
                  | Dex+4}
   818 | D        | Found a transporter.
   823 | D        | Received a gift from Trog
   850 | D        | Got the ring "Peilauke" {MP+9 Str+2 Int+3 Dex+3}
   866 | D        | Entered arena 10.
   867 | D        | Found a transporter.
   871 | D        | Received a gift from Trog
   879 | D        | Reached ****** piety under Trog
   991 | D        | Entered arena 11.
   992 | D        | Found a transporter.
   998 | D        | Received a gift from Trog
  1001 | D        | Reached skill level 15 in Fighting
  1020 | D        | Got the ring "Umeyc" {rF+++ rN++ MP+9 Str-4}
  1023 | D        | Entered arena 12.
  1024 | D        | Noticed a six-headed hydra
  1029 | D        | Received a gift from Trog
  1036 | D        | Reached skill level 15 in Shields
  1039 | D        | Received a gift from Trog
  1045 | D        | Killed a 12-headed hydra
  1088 | D        | Found a transporter.
  1272 | D        | Entered arena 13.
  1272 | D        | Noticed a death ooze
  1273 | D        | Noticed an acid blob
  1273 | D        | Noticed an acid blob
  1274 | D        | Found a transporter.
  1277 | D        | Killed a death ooze
  1281 | D        | Killed an acid blob
  1281 | D        | Reached skill level 16 in Fighting
  1281 | D        | Reached XP level 12. HP: 88/88 MP: 6/12
  1286 | D        | Killed an acid blob
  1291 | D        | Received a gift from Trog
  1299 | D        | Got the +9 war axe "Yffam" {flame, rElec rN++}
  1351 | D        | Entered arena 14.
  1352 | D        | Noticed an acid blob
  1353 | D        | Noticed a death ooze
  1353 | D        | Noticed a death ooze
  1353 | D        | Noticed a great orb of eyes
  1354 | D        | Found a transporter.
  1360 | D        | Killed an acid blob
  1360 | D        | Reached skill level 17 in Fighting
  1361 | D        | Killed a death ooze
  1361 | D        | Reached skill level 10 in Dodging
  1362 | D        | Killed a death ooze
  1364 | D        | Reached skill level 15 in Axes
  1364 | D        | Received a gift from Trog
  1365 | D        | Killed a great orb of eyes
  1410 | D        | Got the ring "Kiliock" {rPois Str+4}
  1436 | D        | Entered arena 15.
  1437 | D        | Noticed a deep elf annihilator
  1438 | D        | Noticed a deep elf sorcerer
  1438 | D        | Identified the ring "Loafamy" {rN+ Stlth+}
  1438 | D        | Noticed a deep elf sorcerer
  1441 | D        | Reached XP level 13. HP: 97/97 MP: 13/13
  1442 | D        | Received a gift from Trog
  1450 | D        | Killed a deep elf sorcerer
  1450 | D        | Reached skill level 18 in Fighting
  1451 | D        | Received a gift from Trog
  1453 | D        | Killed a deep elf sorcerer
  1456 | D        | Received a gift from Trog
  1461 | D        | Found a transporter.
  1479 | D        | Killed a deep elf annihilator
  1524 | D        | Entered arena 16.
  1525 | D        | Noticed a reaper
  1527 | D        | Found the +8 demon blade "Leech" {vamp, rN+ AC-3 EV-3}
  1528 | D        | Found a transporter.
  1532 | D        | Received a gift from Trog
  1543 | D        | Killed a reaper
  1548 | D        | Received a gift from Trog
  1834 | D        | Entered arena 17.
  1837 | D        | Noticed a storm dragon
  1837 | D        | Noticed a storm dragon
  1838 | D        | Noticed a storm dragon
  1838 | D        | Identified the +6 long sword of Discord {slice, Str+2
                  | Stlth+}
  1838 | D        | Noticed a titan
  1843 | D        | Found a transporter.
  1849 | D        | Killed a storm dragon
  1849 | D        | Reached skill level 19 in Fighting
  1850 | D        | Killed from afar by a wind drake

Levels and vault maps discovered:
D:        sprint_v [room_start, room_1, room_2, room_3, room_4, room_5, room_6,
          room_7, room_8, room_9, room_10, room_11, room_12, room_13, room_14,
          room_15, room_16, room_17, room_18, room_19, room_20, room_21,
          room_22, room_23, room_24, room_25, room_26, room_27]

Skill      XL: |  1  2  3  4  5  6  7  8  9 10 11 12 13 |
---------------+----------------------------------------+-----
Axes           | 3 4 5 6 7 8 9 10 12 14 15 16 | 16.4
Shields        | 1 3 6 7 8 9 10 12 14 16 17 18 | 18.8
Fighting       | 5 7 8 9 10 11 12 14 16 17 19 | 19.0
Dodging        | 2 3 4 5 6 8 9 10 11 | 11.1
Armour         | 3 4 5 6 7 9 10 11 12 13 | 13.9

Action                   |  1- 3 |  4- 6 |  7- 9 | 10-12 | 13-15 || total
-------------------------+-------+-------+-------+-------+-------++-------
Melee: Broad axe         |    13 |     3 |    15 |   104 |    58 ||   193
Invok: Berserk           |     1 |       |     2 |     4 |     2 ||     9
       Brothers in Arms  |       |       |       |     2 |       ||     2
 Stab: Confused          |       |     1 |       |       |       ||     1
  Eat: Ration            |       |       |       |     2 |       ||     2
       Chunk             |       |       |       |     2 |     3 ||     5
Armor: Plate armour      |    14 |       |     8 |    60 |    20 ||   102
Dodge: Dodged            |       |       |     1 |    18 |    13 ||    32
Block: Shield            |    29 |     2 |    13 |   167 |    96 ||   307
